 Dungeon Crawl Stone Soup version 0.20.1-1-g8b1a95d (webtiles) character file.

11884 Linguinho the Blocker (level 11, -6/74 HPs)
             Began as a Demonspawn Fighter on Nov 9, 2017.
             Was a High Priest of Trog.
             Mangled by a large abomination (19 damage)
             ... on level 1 of the Abyss.
             The game lasted 00:40:38 (12807 turns).

Linguinho the Blocker (Demonspawn Fighter)         Turns: 12807, Time: 00:40:38

Health: -6/74      AC: 12    Str: 22      XL:     11   Next: 55%
Magic:  0/14       EV:  5    Int:  7      God:    Trog [*****.]
Gold:   246        SH: 17    Dex: 12 (13) Spells: 10/10 levels left

rFire    + . .     SeeInvis .   r - +1 hand axe (flame)
rCold    + + .     Gourm    .   C - +0 large shield
rNeg     + . .     Faith    .   J - +2 chain mail {rC+}
rPois    .         Spirit   +   (no helmet)
rElec    +         Reflect  .   X - scarf {rC+ rF+}
rCorr    .         Harm     .   z - +0 pair of gloves
MR       +....     Clarity  +   (no boots)
Stlth    ..........             V - amulet of regeneration
Regen    0.7/turn               v - ring of positive energy
MPRegen  0.2/turn               U - ring of protection from magic

@: berserk cooldown, very slightly contaminated, slowed, very slow
A: iridescent scales 1, [berserk 2], clarity, deformed body, demonic guardian 2,
[deterioration 1], dopey 1, [frail 1], low mp 1, electricity resistance, strong
1, magic shield, [no potion heal 1], [MP-powered wands]
a: Berserk, Trog's Hand, Brothers in Arms, Burn Spellbooks, Renounce Religion


You were on level 1 of the Abyss.
You worshipped Trog.
Trog was extremely pleased with you.
You were not hungry.

You visited 1 branch of the dungeon, and saw 10 of its levels.
You visited the Abyss 1 time.

You collected 550 gold pieces.
You spent 304 gold pieces at shops.

Inventory:

Hand Weapons
 c - a +3 scythe of protection
 r - a +1 hand axe of flaming (weapon)
 I - a +2 hand axe of electrocution
 P - a +4 spear
Armour
 z - a +0 pair of gloves (worn)
 C - a +0 large shield (worn)
 J - a +2 chain mail of cold resistance (worn)
 X - a scarf of resistance (worn)
Jewellery
 v - a ring of positive energy (left hand)
 U - a ring of protection from magic (right hand)
 V - an amulet of regeneration (around neck)
Wands
 i - a wand of flame (15/48)
 n - a wand of disintegration (23/24)
 y - a wand of acid (2/15)
 F - a wand of flame (27/48)
 G - a wand of lightning (10/15)
 Q - a wand of polymorph (11/24)
Scrolls
 b - 2 scrolls of enchant weapon
 h - 3 scrolls of teleportation
 o - 3 scrolls of fear
 p - 7 scrolls of identify
 u - a scroll of recharging
 D - a scroll of fog {unknown}
 L - 3 scrolls of enchant armour
 M - 2 scrolls of magic mapping
 N - a scroll of remove curse
 W - a scroll of noise {unknown}
Potions
 a - a potion of flight {unknown}
 d - a potion of might
 g - 2 potions of degeneration {unknown}
 l - 2 potions of haste {unknown}
 q - 6 potions of curing
 w - 2 potions of mutation {unknown}
 B - a potion of cancellation {unknown}
 R - a potion of agility
 S - a potion of resistance {unknown}
Comestibles
 f - 7 bread rations
 j - 4 royal jellies
 s - 14 fruits
 t - 2 meat rations


   Skills:
 + Level 6.9 Fighting
 + Level 6.2(7.9) Axes
 + Level 7.3(8.5) Polearms
   Level 1.0(4.7) Staves
 + Level 7.9 Armour
 - Level 0.5 Dodging
 - Level 0.4 Stealth
 + Level 8.7 Shields
 * Level 7.0 Evocations


You had 10 spell levels left.
You didn't know any spells.

Dungeon Overview and Level Annotations

Branches:
Dungeon (10/15)            Temple (0/1) D:7            Lair (0/6) D:10
    Orc (0/2) D:9

Altars:
Elyvilon
Fedhas
Gozag
Kikubaaqudgha
Makhleb
Nemelex Xobeh
Okawaru
Qazlal
Ru
Trog
Uskayaw
Xom
Zin

Shops:
D:5 (   D:8 ?   D:9 %


Innate Abilities, Weirdness & Mutations

You are partially covered in iridescent scales. (AC +2)
A demonic guardian rushes to your aid.
When hurt, damage is shared between your health and your magic reserves.
You possess an exceptional clarity of mind.
Armour fits poorly on your strangely shaped body.
You are dopey. (Int -2)
Your magical capacity is low. (-10% MP)
You are resistant to electric shocks. (rElec)
Your muscles are strong. (Str +2)
[You often lose your temper in combat.]
[Your body sometimes deteriorates upon taking damage.]
[You are frail. (-10% HP)]
[Potions are less effective at restoring your health.]
[You expend magic power (3 MP) to strengthen your wands.]


Message History

You feel a strong urge to attack something.
The raiju bursts into living lightning!
The living lightning hits you! You resist.
* * * LOW HITPOINT WARNING * * *
The raiju blinks!
You swap places.
You feel your anger subside.
You are no longer berserk.
You are exhausted.
You feel yourself slow down.
You hit the large abomination but do no damage.
The large abomination is almost destroyed.
You hit the insubstantial wisp but do no damage.
Your orange demon misses the insubstantial wisp.
You block the insubstantial wisp's attack.
The raiju bursts into living lightning!
The living lightning hits your orange demon.
The living lightning hits you! You resist.
* * * LOW HITPOINT WARNING * * *
The raiju blinks!
The large abomination hits you!!
You die...

### .##.. . # #.. # .#
#.## #.# #.#..#.#.. #.#
#####.#.#.#.#. #
##§###....v.... #
#...####.h§#..W..# .#.
≈......§...v......#.#.#
. ## ##.##4Xv#.......#
.#.# # ##@###...#..## .
. #h# ###..# ##.. #.#
##.#.##..#4 #.# ..#...
#.# #.# ##.# # # #.. ..
##X ### ## #.#. #..
#....# . ##.#..4. . .


You could see a large abomination, a hungry ghost, 2 raiju, 2 insubstantial
wisps and a friendly orange demon.

Vanquished Creatures
  A wretched star (Abyss:1)
  A spriggan (D:8)
  2 wyverns
  3 yaks
  3 sky beasts
  4 orc warriors
  3 ice beasts
  A black bear (D:9)
  A phantom (D:4)
  3 ogres
  4 centaurs
  2 small abominations (Abyss:1)
  Blork the orc (D:6)
  4 bullfrogs
  2 scorpions
  A killer bee (D:6)
  5 wights (D:8)
  4 howler monkeys
  4 crimson imps
  A quasit (Abyss:1)
  5 starcursed masses (Abyss:1)
  2 bullfrog zombies
  3 hounds
  2 jellies
  7 orc priests
  7 orc wizards
  Crazy Yiuf (D:6)
  Natasha (thrice) (D:3 D:6)
  An iguana (D:6)
  2 hell rats (D:7)
  10 worker ants
  A killer bee zombie (D:8)
  A hound skeleton (D:4)
  A worker ant zombie (D:10)
  14 adders
  A gnoll (D:6)
  5 river rats (D:7)
  3 shadow imps
  2 oozes (D:1)
  An adder skeleton (D:5)
  2 dart slugs
  4 leopard geckos
  39 orcs
  7 bats
  6 giant cockroaches
  6 hobgoblins
  9 jackals
  12 quokkas
  3 ball pythons
  6 frilled lizards
  12 goblins
  11 kobolds
  A leopard gecko zombie (D:9)
  21 rats
261 creatures vanquished.

Vanquished Creatures (collateral kills)
  2 tentacled starspawn (Abyss:1)
  7 starcursed masses (Abyss:1)
  2 two-headed ogres (D:8)
  A guardian serpent (Abyss:1)
  A naga mage (Abyss:1)
  An orange demon (Abyss:1)
  A smoke demon (Abyss:1)
  A tormentor (Abyss:1)
  A red devil (Abyss:1)
  A polar bear (shapeshifter) (Abyss:1)
  Grinder (D:5)
  A hippogriff (D:8)
  Sigmund (D:6)
  8 yaks
  A basilisk (D:8)
  4 nagas (Abyss:1)
  2 insubstantial wisps (Abyss:1)
  2 hell hounds (D:10)
  2 small abominations (Abyss:1)
  An orc warrior (D:7)
  A sky beast (D:6)
  2 phantoms
  An ogre (D:8)
  2 bullfrogs (D:6)
  A howler monkey (D:4)
  A centaur zombie (D:9)
  A worker ant (D:8)
  An orc wizard (D:5)
  2 gnolls (D:6)
  2 adders (D:6)
  5 orcs
  3 quokkas
  4 rats
67 creatures vanquished.

Vanquished Creatures (others)
  2 fungi (D:6)
  10 starspawn tentacles (Abyss:1)
12 creatures vanquished.

Grand Total: 340 creatures vanquished

Notes
Turn   | Place    | Note
-------+----------+-------------------------------------------
     0 | D:1      | Linguinho the Demonspawn Fighter began the quest for the Orb.
     0 | D:1      | Reached XP level 1. HP: 18/18 MP: 1/1
    55 | D:1      | Gained mutation: When hurt, damage is shared between your health and your magic reserves. [demonic ancestry]
    55 | D:1      | Reached XP level 2. HP: 24/24 MP: 2/2
   280 | D:1      | Reached XP level 3. HP: 22/29 MP: 3/3
   637 | D:2      | Found a bloodstained altar of Trog.
  1086 | D:2      | Gained mutation: A weak demonic guardian rushes to your aid. [demonic ancestry]
  1086 | D:2      | Reached XP level 4. HP: 30/35 MP: 4/4
  1440 | D:2      | Found an opulent altar of Gozag.
  1623 | D:2      | Found a white marble altar of Elyvilon.
  1624 | D:2      | Found an ancient bone altar of Kikubaaqudgha.
  1626 | D:2      | Found a shimmering altar of Xom.
  1628 | D:2      | Found a sacrificial altar of Ru.
  1628 | D:2      | Found an iron altar of Okawaru.
  1629 | D:2      | Found a blossoming altar of Fedhas.
  1632 | D:2      | Became a worshipper of Trog the Wrathful
  1664 | D:2      | Reached skill level 3 in Shields
  1785 | D:3      | Found a stormy altar of Qazlal.
  2043 | D:3      | Noticed Natasha
  2054 | D:3      | Killed Natasha
  2054 | D:3      | Reached * piety under Trog
  2054 | D:3      | Gained mutation: A demonic guardian rushes to your aid. [demonic ancestry]
  2054 | D:3      | Reached XP level 5. HP: 29/42 MP: 3/5
  3365 | D:4      | Reached XP level 6. HP: 28/48 MP: 6/6
  4423 | D:4      | Reached skill level 4 in Shields
  4611 | D:4      | Reached XP level 7. HP: 54/54 MP: 7/7
  5072 | D:4      | Reached ** piety under Trog
  5241 | D:5      | Entered Level 5 of the Dungeon
  5281 | D:5      | Found a sparkling altar of Nemelex Xobeh.
  5552 | D:5      | Noticed Grinder
  5558 | D:5      | Paralysed by Grinder for 2 turns
  5560 | D:5      | Killed Grinder
  5560 | D:5      | Reached skill level 5 in Armour
  5792 | D:5      | Found Nunotorch's Weapon Shop.
  6031 | D:6      | Noticed Blork the orc
  6040 | D:6      | Killed Blork the orc
  6047 | D:6      | Reached skill level 5 in Polearms
  6047 | D:6      | Gained mutation: You are partially covered in iridescent scales. (AC +2) [demonic ancestry]
  6047 | D:6      | Reached XP level 8. HP: 61/61 MP: 5/8
  6054 | D:6      | Reached skill level 5 in Shields
  6574 | D:6      | Reached skill level 5 in Fighting
  7403 | D:6      | Noticed Sigmund
  7407 | D:6      | Killed Sigmund
  7407 | D:6      | Reached skill level 1 in Evocations
  7542 | D:6      | Noticed Natasha
  7548 | D:6      | Killed Natasha
  7618 | D:6      | Noticed Natasha
  7627 | D:6      | Killed Natasha
  7645 | D:6      | Found a runed door.
  7720 | D:6      | Noticed Crazy Yiuf
  7721 | D:6      | Killed Crazy Yiuf
  7812 | D:7      | Reached XP level 9. HP: 56/68 MP: 8/10
  7882 | D:7      | Found a staircase to the Ecumenical Temple.
  8126 | D:7      | Reached *** piety under Trog
  8138 | D:7      | Reached skill level 1 in Staves
  8771 | D:8      | Noticed a dagger
  8771 | D:8      | Noticed a hand axe
  8774 | D:8      | Found a hide-covered altar of Uskayaw.
  8860 | D:8      | Reached **** piety under Trog
  9295 | D:8      | Reached skill level 1 in Axes
  9627 | D:8      | Found Pohoykue's Magic Scroll Shoppe.
  9636 | D:8      | Bought a scroll of enchant weapon for 97 gold pieces
  9636 | D:8      | Bought a scroll of identify for 26 gold pieces
  9636 | D:8      | Bought a scroll of enchant armour for 97 gold pieces
  9636 | D:8      | Bought a scroll of magic mapping for 45 gold pieces
  9636 | D:8      | Bought a scroll of remove curse for 39 gold pieces
  9682 | D:8      | Reached skill level 6 in Shields
  9813 | D:8      | Found a burning altar of Makhleb.
  9825 | D:8      | Found a glowing silver altar of Zin.
  9825 | D:8      | Noticed an angel
  9826 | D:8      | Noticed a cacodemon
  9897 | D:8      | Reached XP level 10. HP: 72/76 MP: 11/13
 10058 | D:8      | Noticed a two-headed ogre
 10069 | D:8      | Killed a two-headed ogre
 10224 | D:8      | Noticed a two-headed ogre
 10235 | D:8      | Killed a two-headed ogre
 10699 | D:9      | Reached skill level 5 in Evocations
 10972 | D:9      | Found Mumuzal's Food Boutique.
 11034 | D:9      | Gained mutation: Your muscles are strong. (Str +2) [mutagenic meat]
 11035 | D:9      | Gained mutation: You are dopey. (Int -2) [mutagenic meat]
 11036 | D:9      | Gained mutation: You possess an exceptional clarity of mind. [mutagenic meat]
 11037 | D:9      | Gained mutation: Armour fits poorly on your strangely shaped body. [mutagenic meat]
 11137 | D:9      | Found a staircase to the Orcish Mines.
 11260 | D:10     | Entered Level 10 of the Dungeon
 11362 | D:10     | Gained mutation: You are resistant to electric shocks. (rElec) [mutagenic meat]
 11365 | D:10     | Gained mutation: Your magical capacity is low. (-10% MP) [mutagenic meat]
 11468 | D:10     | Found a staircase to the Lair.
 11533 | D:10     | Reached skill level 7 in Shields
 11630 | D:10     | Found a shimmering altar of Xom.
 11641 | D:10     | Reached ***** piety under Trog
 11643 | D:10     | Reached skill level 5 in Axes
 11647 | D:10     | Found a shimmering altar of Xom.
 11656 | D:10     | Found a shimmering altar of Xom.
 11656 | D:10     | Found a shimmering altar of Xom.
 11656 | D:10     | Found a shimmering altar of Xom.
 11656 | D:10     | Found a shimmering altar of Xom.
 11870 | D:10     | Noticed a manticore
 11875 | D:10     | a manticore changed into a merfolk
 12137 | D:10     | Noticed a faun
 12138 | D:10     | Noticed a lindwurm
 12209 | D:10     | Cast into level 1 of the Abyss (orc)
 12242 | Abyss:1  | Found a corrupted altar of Lugonu.
 12371 | Abyss:1  | Noticed an orange demon
 12372 | Abyss:1  | Noticed a starcursed mass
 12373 | Abyss:1  | Noticed a starcursed mass
 12373 | Abyss:1  | Noticed a starcursed mass
 12385 | Abyss:1  | Killed a starcursed mass
 12385 | Abyss:1  | Reached XP level 11. HP: 83/83 MP: 12/14
 12417 | Abyss:1  | Noticed a tentacled starspawn
 12422 | Abyss:1  | Killed a tentacled starspawn
 12553 | Abyss:1  | Noticed a starcursed mass
 12558 | Abyss:1  | Reached skill level 8 in Shields
 12561 | Abyss:1  | Received a gift from Trog
 12588 | Abyss:1  | Killed a starcursed mass
 12669 | Abyss:1  | Noticed a wretched star
 12696 | Abyss:1  | Killed a wretched star
 12728 | Abyss:1  | Noticed a tentacled starspawn
 12771 | Abyss:1  | Noticed a large abomination
 12780 | Abyss:1  | Killed a tentacled starspawn
 12807 | Abyss:1  | Mangled by a large abomination

Skill      XL: |  1  2  3  4  5  6  7  8  9 10 11 |
---------------+----------------------------------+-----
Armour         | 3 4 5 6 7 |  7.9
Polearms       | 2 3 4 5 6 7 |  7.3
Shields        | 3 4 5 6 7 8 |  8.7
Fighting       | 4 5 6 |  6.9
Evocations     | 1 4 6 7 |  7.0
Staves         | 1 |  1.0
Axes           | 2 5 6 |  6.2
Dodging        | |  0.5
Stealth        | |  0.4

Action                   |  1- 3 |  4- 6 |  7- 9 | 10-12 || total
-------------------------+-------+-------+-------+-------++-------
Melee: Trident           |   136 |   432 |   427 |       ||   995
       Scythe            |       |       |    93 |       ||    93
       Quarterstaff      |       |       |    70 |       ||    70
       Hand axe          |       |       |   144 |   386 ||   530
Invok: Berserk           |       |     3 |    10 |     5 ||    18
       Trog's Hand       |       |       |     1 |     1 ||     2
       Burn Spellbooks   |       |       |       |     1 ||     1
  Use: Scroll            |       |     5 |     3 |     6 ||    14
       Potion            |       |     1 |     1 |     6 ||     8
 Stab: Distracted        |       |     1 |       |     1 ||     2
  Eat: Chunk             |     1 |    14 |    23 |    14 ||    52
       Bread ration      |       |       |     1 |     1 ||     2
       Meat ration       |       |       |       |     2 ||     2
       Fruit             |       |       |       |     1 ||     1
Armor: Scale mail        |    52 |   156 |   191 |       ||   399
       Chain mail        |       |       |   194 |   183 ||   377
Dodge: Dodged            |    28 |   119 |   187 |    43 ||   377
Block: Shield            |    51 |   202 |   175 |       ||   428
       Large shield      |       |       |   138 |   314 ||   452
